AoeStats
← nemty

Arabia

505184919Analyzed
1v1 RM · 25d ago on Sep 8, 2026· 35m 50s· 2 players
Game mode
Random Map
Map size
Tiny (2 player)
Population
200
Speed
Normal
Resources
Standard
Victory
Conquest
Starting age
Dark Age
Ending age
Imperial Age
RankedLock teamsTeams togetherTeam positionsShared explorationLock speedFull tech treeHidden civsTurbo modeCheats
Victory
Defeat
🇸🇪 Maya · Sweden
1265
+20
🇺🇸 Burmese · United States
1344
-20
nemty
6:42 Loom
6:48 Loom
10:04 Feudal Age
19:50 Fletching
21:25 Padded Archer Armor
23:35 Castle Age
21:55 Padded Archer Armor
22:57 Horse Collar
23:14 Stone Mining
24:19 Bodkin Arrow
25:31 Elite Skirmisher
28:08 Town Watch
28:59 Scale Barding Armor
29:43 Heavy Plow
31:01 Bloodlines
34:20 Chain Barding Armor
34:32 Forging
secretkrokodil
0:25 Loom
13:16 Feudal Age
14:57 Horse Collar
18:46 Castle Age
16:50 Double-Bit Axe
17:17 Gold Mining
18:35 Fletching
18:47 Crossbowman
20:06 Bodkin Arrow
22:33 Bow Saw
24:49 Eagle Warrior
25:49 Scale Mail Armor
27:07 Wheelbarrow
27:13 Squires
27:32 Chain Mail Armor
32:57 Imperial Age
31:37 Hand Cart
32:04 Forging
31:57 Town Watch
33:44 Bracer
33:16 Elite Eagle Warrior
34:28 Conscription
35:28 Two-Man Saw
36:54 Plate Mail Armor
Connection lost

Rejoining the realm…

Still unreachable

The connection could not be restored.

Session expired

The server has moved on; the page needs a fresh start.